 Dungeon Crawl Stone Soup version 0.26-a0-849-gf1512cd430 (webtiles) character file.

Game seed: 14083050695885094436

84 Ijustatesigmund the Skirmisher (level 4, -21/33 HPs)
             Began as an Octopode Fighter on Nov 20, 2020.
             Demolished by an ogre
             ... wielding a +0 giant spiked club
              (23 damage)
             ... on level 3 of the Dungeon.
             The game lasted 00:05:32 (2880 turns).

Ijustatesigmund the Skirmisher (Octopode Fighter)   Turns: 2880, Time: 00:05:33

Health: -21/33     AC:  1    Str: 15    XL:     4   Next: 45%
Magic:  4/4        EV: 11    Int: 11    God:
Gold:   218        SH:  9    Dex: 11    Spells: 3/3 levels left

rFire    . . .     SeeInvis .   a - +1 war axe
rCold    . . .     Faith    .   b - +1 kite shield
rNeg     . . .     Spirit   .   (helmet restricted)
rPois    .         Reflect  .   (no amulet)
rElec    .         Harm     .   g - ring of stealth
rCorr    .         Rampage  .   (no ring)
MR       .....                  (no ring)
Stlth    ++++......             (no ring)
HPRegen  0.11/turn              (no ring)
MPRegen  0.09/turn              (no ring)
                                (no ring)
                                (no ring)

@: no status effects
A: almost no armour, stealthy swim, amphibious, 8 rings, constrict 8, camouflage
1, gelatinous body 1
a: no special abilities


You were on level 3 of the Dungeon.
You visited 1 branch of the dungeon, and saw 4 of its levels.

You collected 218 gold pieces.

Inventory:

Hand Weapons
 a - a +1 war axe (weapon)
Armour
 b - a +1 kite shield (worn)
Jewellery
 g - a ring of stealth (left tentacle)
 m - an uncursed ring of ice
Wands
 f - a wand of paralysis (4)
Scrolls
 c - 3 scrolls of remove curse
 d - a scroll of magic mapping
 e - 2 scrolls of identify
 k - 2 scrolls of teleportation
Potions
 h - a potion of attraction
 i - a potion of haste
 j - 4 potions of curing
 l - a potion of flight


   Skills:
 + Level 3.6 Fighting
 + Level 3.5 Axes
 - Level 3.0 Dodging
 - Level 2.4 Stealth
 - Level 3.0 Shields


You had 3 spell levels left.
You didn't know any spells.
Your spell library was empty.

Dungeon Overview and Level Annotations

Branches:
Dungeon (4/15)             Temple (0/1) D:4

Altars:
Qazlal
Trog
The Shining One


Innate Abilities, Weirdness & Mutations

You cannot wear most types of armour.
You are very stealthy in the water. (Stealth+)
You are amphibious.
You can wear up to eight rings at the same time.
You can use your tentacles to constrict eight enemies at once.
Your skin changes colour to match your surroundings (Stealth+).
Your rubbery body absorbs attacks. (AC +1, EV +1)


Message History

Done exploring.
Done exploring.
(D) Dungeon (T) Temple
Where to? (Enter - D:3, ? - help)
There is a stone staircase leading down here.
You climb downwards.
You block the ogre's attack. The scorpion stings you.
There is a stone staircase leading up, spattered with blood here.
The ogre barely misses you.
The ogre hits you with a +0 giant spiked club!!
Ouch! That really hurt!
* * * LOW HITPOINT WARNING * * *
You block the scorpion's attack.
You climb upwards.
There is a stone staircase leading down here.
As you read the scroll labelled ODULAICVOPN, it crumbles to dust.
You hear a loud clanging noise!
It was a scroll of noise.
You block the scorpion's attack.
The ogre hits you with a +0 giant spiked club!!
Ouch! That really hurt!
You die...

#.# #.#.##...>.. #.#
#(#.##.###..
#.###############........##.
#.##.................(......
#.##.#############........).
#.#...###### #.#......##
#...#......#######.#......##
###...####OO................
##.......@s.####..########
############ #..........
###.######. #.# #. #.# #.
#.# #. #.# #. #.# #. #.# #.


You could see 2 ogres and a scorpion.

Vanquished Creatures
  3 adders (D:3)
  2 oozes (D:2)
  An adder skeleton (D:4)
  A dart slug (D:2)
  4 ball pythons
  2 giant cockroaches
  3 goblins
  6 hobgoblins
  6 jackals
  3 kobolds
  A quokka (D:2)
  2 bats
  A frilled lizard (D:3)
  7 rats
42 creatures vanquished.

Notes
Turn   | Place    | Note
-------+----------+-------------------------------------------
     0 | D:1      | Ijustatesigmund the Octopode Fighter began the quest for
                  | the Orb.
     0 | D:1      | Reached XP level 1. HP: 16/16 MP: 1/1
   453 | D:1      | Reached XP level 2. HP: 21/21 MP: 2/2
   483 | D:1      | Reached skill level 1 in Stealth
   769 | D:2      | HP: 1/21 [ooze (3)]
   771 | D:2      | Reached XP level 3. HP: 2/26 MP: 3/3
  1103 | D:2      | You fall into a shaft and drop 2 floors!
  1144 | D:4      | Found a staircase to the Ecumenical Temple.
  1151 | D:4      | Noticed an ogre
  1168 | D:4      | HP: 1/26 [ogre/+0 giant spiked club (20)]
  1192 | D:4      | Noticed a scorpion
  1200 | D:4      | Noticed an ogre
  1582 | D:3      | Reached XP level 4. HP: 19/31 MP: 4/4
  1823 | D:2      | Found a bloodstained altar of Trog.
  1917 | D:2      | Found a stormy altar of Qazlal.
  2780 | D:3      | Found a glowing golden altar of the Shining One.
  2878 | D:4      | HP: 1/33 [ogre/+0 giant spiked club (26)]
  2880 | D:3      | Demolished by an ogre

Illustrated notes

Levels and vault maps discovered:
D:1:      lightli_arrival_chessboard, layout_loops_ring
D:2:      layout_loops_ring, grunt_qazlal_clouds, trog_book
D:3:      layout_loops_ring, nicolae_tso_swordbearing_angel
D:4:      layout_rooms, nicolae_overflow_hidden_temple,
          minmay_temple_entry_sparse_star, minmay_misc_feat_secret_circle,
          okawaru_altar_gauntlet_db

Skill      XL: |  1  2  3 |
---------------+----------+-----
Stealth        | 1 2 |  2.4
Axes           | 3 |  3.5
Fighting       | |  3.6
Dodging        | |  3.0
Shields        | |  3.0

Action                   |  1- 3 |  4- 6 || total
-------------------------+-------+-------++-------
Melee: War axe           |    41 |    31 ||    72
       Constrict         |    10 |     8 ||    18
       Tentacles         |     5 |    10 ||    15
  Use: Scroll            |     7 |     4 ||    11
       Potion            |     2 |       ||     2
 Stab: Sleeping          |     8 |     9 ||    17
Armor: Skin              |     1 |     1 ||     2
Dodge: Dodged            |    14 |    13 ||    27
Block: Kite shield       |    13 |    18 ||    31

Table legend: (Time is in decaauts)
 A = Elapsed time spent in this place.
 B = Non-inter-level travel time spent in this place.
 C = Inter-level travel time spent in this place.
 D = Time resting spent in this place.
 E = Time spent auto-exploring this place.
 F = Levels seen in this place.
 G = Mean time per level.
                   A        B        C        D        E       F      G
               +--------+--------+--------+--------+--------+-----+--------+
         Total |   2893 |   2822 |     71 |    675 |   1725 |   4 |  723.2 |
       Dungeon |   2893 |   2822 |     71 |    675 |   1725 |   4 |  723.2 |
               +--------+--------+--------+--------+--------+-----+--------+

Top non-repeatable levels by time:
     D:3: 1172 daAuts
     D:2: 943 daAuts
     D:1: 676 daAuts
     D:4: 100 daAuts
